 Dungeon Crawl Stone Soup version 0.19-a0-503-g45a6586 (webtiles) character file.

1822 Ladykiller69 the Shield-Bearer (level 9, -15/71 HPs)
             Began as a Formicid Fighter on June 5, 2016.
             Was a Follower of Cheibriados.
             Killed from afar by Harold (22 damage)
             ... with a bolt of fire
             ... on level 11 of the Dungeon on June 6, 2016.
             The game lasted 00:24:31 (4542 turns).

Ladykiller69 the Shield-Bearer (Formicid Fighter)   Turns: 4542, Time: 00:24:32

Health: -15/71     AC: 11    Str: 27    XL:     9   Next: 32%
Magic:  0/9        EV:  9    Int: 11    God:    Cheibriados [*.....]
Gold:   379        SH: 12    Dex: 15    Spells: 0 memorised, 8 levels left

rFire  . . .     SeeInvis +     a - +0 war axe
rCold  . . .     Gourm    .     t - +0 chain mail
rNeg   . . .     Faith    .     c - +0 shield
rPois  .         Spirit   +     (helmet unavailable)
rElec  .         Dismiss  .     p - +0 cloak
rCorr  .         Reflect  .     (no gloves)
SustAt .         Harm     .     (no boots)
MR     .....                    y - amulet of guardian spirit
Stlth  ..........               (no ring)
                                b - +2 ring of dexterity

@: very slow, not resistant to hostile enchantments, extremely unstealthy
A: permanent stasis, dig shafts and tunnels, four strong arms, antennae 3
a: Dig, Shaft Self, Bend Time, Renounce Religion


You were on level 11 of the Dungeon.
You worshipped Cheibriados.
Cheibriados was aware of your devotion.
You were not hungry.

You visited 2 branches of the dungeon, and saw 12 of its levels.
You also visited: Ice Cave.

You collected 379 gold pieces.

Inventory:

Hand Weapons
 a - a +0 war axe (weapon)
Armour
 c - a +0 shield (worn)
 p - a +0 cloak (worn)
 t - a +0 chain mail (worn)
 z - a +0 pair of boots
Jewellery
 b - a +2 ring of dexterity (left hand)
 o - a cursed amulet of inaccuracy {unknown}
 s - a cursed amulet of inaccuracy {unknown}
 y - an amulet of guardian spirit (around neck)
Scrolls
 e - 11 scrolls of identify {unknown}
 i - 3 scrolls of teleportation {unknown}
 j - 8 scrolls of remove curse {unknown}
 l - 3 scrolls of immolation {unknown}
 q - a scroll of noise {unknown}
 u - a scroll of enchant armour {unknown}
 v - a scroll of enchant weapon {unknown}
 w - a scroll of recharging {unknown}
 x - 2 scrolls of amnesia {unknown}
Potions
 d - 2 potions of might
 h - 2 potions of curing
 k - 2 potions of lignification {unknown}
 m - 3 potions of cure mutation {unknown}
 r - a potion of cancellation {unknown}
 A - a potion of brilliance {unknown}
 B - a potion of invisibility {unknown}
Books
 C - a book of Necromancy

   Spells                             Type                      Level
   a - Pain                           Necromancy                   1
   b - Animate Skeleton               Necromancy                   1
   c - Vampiric Draining              Necromancy                   3
   d - Regeneration                   Charms/Necromancy            3
   e - Animate Dead                   Necromancy                   4
   f - Control Undead                 Necromancy                   4
Comestibles
 f - 6 bread rations
 g - 6 chunks of flesh
 n - 2 meat rations


   Skills:
 + Level 6.7 Fighting
 + Level 5.8 Axes
 + Level 7.1 Armour
 - Level 1.4 Dodging
 - Level 1.3 Stealth
 + Level 7.7 Shields


You had 8 spell levels left.
You didn't know any spells.

Dungeon Overview and Level Annotations

Branches:
Dungeon (12/15)            Temple (1/1) D:4             Orc (0/2) D:9
   Lair: D:8-11

Altars:
Ashenzari
Cheibriados
Dithmenos
Hepliaklqana
Kikubaaqudgha
Nemelex Xobeh
Okawaru
Pakellas
Ru
Trog
Uskayaw
Xom
The Shining One

Annotations:
D:3 Grinder
D:7 Prince Ribbit
D:8 Joseph, Psyche
D:11 Harold


Innate Abilities, Weirdness & Mutations

You are under a permanent stasis effect.
You can dig through walls and to a lower floor.
Your four strong arms can wield two-handed weapons with a shield.
You have a pair of large antennae on your head. (SInv)


Message History

You slash Harold!
Harold is heavily wounded.
Harold says, "Let's make it quick, okay?
I've got mouths to feed."
You block Harold's attack. The gnoll hits you but does no damage.
You hit Harold.
Harold is heavily wounded.
Harold casts a spell at you. The bolt of fire hits you!
* * * LOW HITPOINT WARNING * * *
You block the gnoll's attack. Harold hits you with a halberd.
* * * LOW HITPOINT WARNING * * *
The flow of time bends around you.
Harold resists with some effort.
You feel slightly more hungry.
The gnoll hits you from afar with a spear.
* * * LOW HITPOINT WARNING * * *
You hit Harold.
Harold is severely wounded.
Harold gestures at you while chanting. The bolt of fire hits you!
You die...

####################
#...................
#.(#############.###
##.@@g...#..........
#######.#.#########
#


You could see Harold and a gnoll.

Vanquished Creatures
  Sigmund (D:2)
  A wyvern (D:11)
  A spriggan (D:7)
  Menkaure (D:5)
  A water moccasin (D:8)
  2 ice beasts
  A black bear (D:7)
  The ghost of Skanax the Grave Robber, an amateur DsNe (D:3)
  A giant frog (D:11)
  A scorpion (D:5)
  A crimson imp (D:12)
  2 jellies
  A hound (D:4)
  2 orc wizards
  Ijyb (D:3)
  2 iguanas
  Natasha (thrice) (D:2)
  4 worker ants
  Terence (D:2)
  A hound zombie (D:7)
  10 adders
  An ooze (D:2)
  An adder zombie (D:5)
  3 worms
  2 dart slugs (D:1)
  4 giant geckos
  10 orcs
  5 giant cockroaches
  12 goblins
  4 hobgoblins
  9 jackals
  6 kobolds
  7 quokkas
  2 ball pythons
  5 bats
  A giant gecko zombie (D:7)
  2 giant newts
  A quokka skeleton (D:5)
  A quokka zombie (D:5)
  7 rats
122 creatures vanquished.

Notes
Turn   | Place    | Note
--------------------------------------------------------------
     0 | D:1      | Ladykiller69 the Formicid Fighter began the quest for the Orb.
     0 | D:1      | Reached XP level 1. HP: 18/18 MP: 1/1
    52 | D:1      | Reached XP level 2. HP: 15/24 MP: 2/2
   217 | D:1      | Found a sparkling altar of Nemelex Xobeh.
   321 | D:1      | Reached XP level 3. HP: 22/30 MP: 3/3
   638 | D:2      | Noticed Natasha
   646 | D:2      | Killed Natasha
   646 | D:2      | Reached XP level 4. HP: 27/37 MP: 4/4
   759 | D:2      | Noticed Sigmund
   774 | D:2      | Killed Sigmund
   774 | D:2      | Reached skill level 1 in Stealth
   774 | D:2      | Reached skill level 5 in Shields
   774 | D:2      | Reached XP level 5. HP: 39/43 MP: 5/5
   774 | D:2      | Reached XP level 6. HP: 44/49 MP: 6/6
   873 | D:2      | Noticed Natasha
   879 | D:2      | Killed Natasha
   899 | D:2      | Noticed Natasha
   911 | D:2      | Killed Natasha
   958 | D:2      | Noticed Terence
   989 | D:2      | Killed Terence
  1204 | D:3      | Reached skill level 1 in Dodging
  1380 | D:3      | Noticed Skanax's ghost (amateur DsNe)
  1387 | D:3      | Killed Skanax's ghost
  1387 | D:3      | Reached XP level 7. HP: 23/55 MP: 7/7
  1579 | D:3      | Reached skill level 5 in Armour
  1771 | D:3      | Noticed Ijyb
  1798 | D:3      | Killed Ijyb
  2029 | D:4      | Noticed Grinder
  2309 | D:4      | Reached skill level 5 in Fighting
  2453 | D:4      | Found a staircase to the Ecumenical Temple.
  2459 | Temple   | Entered the Ecumenical Temple
  2474 | Temple   | Became a worshipper of Cheibriados the Contemplative
  2504 | D:5      | Entered Level 5 of the Dungeon
  2504 | D:5      | Found an iron altar of Okawaru.
  2561 | D:5      | Reached XP level 8. HP: 44/62 MP: 6/8
  2689 | D:5      | Noticed Menkaure
  2712 | D:5      | Killed Menkaure
  2853 | D:5      | Reached * piety under Cheibriados
  2858 | D:5      | Found an iron altar of Okawaru.
  2862 | D:5      | Found a glowing golden altar of the Shining One.
  2863 | D:5      | Found a bloodstained altar of Trog.
  2874 | D:5      | Found an ancient bone altar of Kikubaaqudgha.
  2878 | D:5      | Found a hazy altar of Hepliaklqana.
  2912 | D:5      | You fall through a shaft for 2 floors!
  3273 | D:7      | Found a shattered altar of Ashenzari.
  3349 | D:7      | Found a hide-covered altar of Uskayaw.
  3390 | D:7      | Found a shattered altar of Ashenzari.
  3430 | D:7      | Noticed a spriggan baker
  3446 | D:7      | Killed a spriggan baker
  3506 | D:7      | Reached skill level 5 in Axes
  3656 | D:7      | Reached XP level 9. HP: 68/69 MP: 9/9
  3738 | D:6      | Noticed Prince Ribbit
  4138 | D:8      | Noticed Psyche
  4141 | D:8      | Noticed Joseph
  4148 | D:9      | Found a staircase to the Orcish Mines.
  4151 | D:9      | You fall through a shaft for 3 floors!
  4161 | D:12     | Found a frozen archway.
  4170 | IceCv    | Entered an ice cave
  4177 | IceCv    | Noticed an ice devil
  4177 | IceCv    | Noticed an ice devil
  4333 | D:11     | Noticed a green ugly thing
  4529 | D:11     | Noticed Harold
  4542 | D:11     | Killed from afar by Harold

Vault maps used:
D:1:      dpeg_arrival_central, minivault_26, nemelex_diamond_rough_becter
D:2:      uniq_natasha, uniq_sigmund, uniq_terence
D:3:      kennysheep_the_goblin_king, minmay_statues_item
D:4:      minmay_temple_entry_crystal_x, uniq_grinder
D:5:      grunt_temple_overflow_gold_and_silver,
          minmay_overflow_temple_star_hex, basic_altar, first_bread,
          uniq_menkaure
D:6:      gup_sewer_entry_glass, basic_altar, grunt_pakellas_sulfur,
          uniq_prince_ribbit1
D:7:      marbit_many_paths, overflow_temple_1_default, basic_altar, the_bakery,
          uniq_duvessa
D:8:      uniq_maurice, uniq_psyche, uniq_joseph, uniq_pikel
D:9:      david_orc_3, elyvilon_altar_4
D:11:     uniq_nergalle, uniq_harold
D:12:     portal_ice_cave_entry_pillars_1
Temple:   nicolae_temple_god_jail
IceCv:    ice_cave_tombish

Skill      XL: |  1  2  3  4  5  6  7  8  9 |
---------------+----------------------------+-----
Shields        | 4 5 6 7 |  7.7
Fighting       | 4 5 6 |  6.7
Armour         | 4 5 6 7 |  7.1
Stealth        | 1 |  1.3
Axes           | 3 4 5 |  5.8
Dodging        | 1 |  1.4

Action                   |  1- 3 |  4- 6 |  7- 9 || total
-------------------------+-------+-------+-------++-------
Melee: War axe           |    56 |   122 |   345 ||   523
Invok: Bend Time         |       |       |     2 ||     2
 Abil: Dig               |     2 |     2 |    19 ||    23
       Shaft Self        |       |       |     2 ||     2
  Use: Potion            |       |       |     3 ||     3
  Eat: Chunk             |       |     2 |    10 ||    12
       Pizza             |       |       |     1 ||     1
Armor: Scale mail        |    10 |    27 |       ||    37
       Chain mail        |       |    12 |   147 ||   159
Dodge: Dodged            |    16 |    32 |    87 ||   135
Block: Shield            |    33 |    53 |   200 ||   286
